HBL
SAN ANTONIO MISSIONS @ PORTLAND STAG
05/21/1997
 
TOP OF THE 1ST
San Antonio Missions batting - Pitching for Portland Stag : RHP Bryan Rekar
Pitching: RHP Bryan Rekar
Batting: LHB David Hulse 0-0: Called Strike
0-1: Ground out 4-3 (Groundball, 4, EV 84.4 MPH)
Batting: RHB Eric Owens 0-0: Ground out 6-3 (Groundball, 6, EV 86.3 MPH)
Batting: RHB Orlando Miller 0-0: Called Strike
0-1: Ball
1-1: Ball
2-1: Foul Ball, location: 2F
2-2: Ground out 6-3 (Groundball, 6, EV 88.1 MPH)
Top of the 1st over - 0 runs, 0 hits, 0 errors, 0 left on base; San Antonio 0 - Portland 0
BOTTOM OF THE 1ST
Portland Stag batting - Pitching for San Antonio Missions : RHP Jack Armstrong
Pitching: RHP Jack Armstrong
Batting: SHB Jose Vizcaino 0-0: SINGLE (Groundball, 6D, EV 100.6 MPH)
Batting: RHB Fernando Tatis 0-0: Ball
1-0: Called Strike
1-1: Called Strike
1-2: Strikes out swinging
Batting: LHB Mark P Johnson 0-0: Called Strike
0-1: Called Strike
0-2: Strikes out looking
Jose Vizcaino steals 2nd base
Batter strikes out.
Batting: RHB Wes Chamberlain 0-0: Ball
1-0: Called Strike
1-1: Ball
2-1: Ball
3-1: Called Strike
3-2: Foul Ball, location: 2F
3-2: SINGLE (Line Drive, 4MD, EV 100.6 MPH)
Jose Vizcaino to third
Jose Vizcaino scores
Batting: RHB Chris Widger 0-0: Ground out 4-3 (Groundball, 34, EV 110.0 MPH)
Bottom of the 1st over - 1 run, 2 hits, 0 errors, 1 left on base; San Antonio 0 - Portland 1
TOP OF THE 2ND
San Antonio Missions batting - Pitching for Portland Stag : RHP Bryan Rekar
Batting: SHB Bill Doran 0-0: Ball
1-0: Called Strike
1-1: Ball
2-1: Foul Ball, location: 2F
2-2: Ground out U3 (Groundball, 34, EV 96.9 MPH)
Batting: RHB David Green 0-0: Foul Ball, location: 2F
0-1: Swinging Strike
0-2: Ground out 6-3 (Groundball, 6, EV 98.8 MPH)
Batting: RHB Kelly Stinnett 0-0: Ball
1-0: Swinging Strike
1-1: Foul Ball, location: 2F
1-2: Foul Ball, location: 2F
1-2: Ball
2-2: Strikes out swinging
Top of the 2nd over - 0 runs, 0 hits, 0 errors, 0 left on base; San Antonio 0 - Portland 1
BOTTOM OF THE 2ND
Portland Stag batting - Pitching for San Antonio Missions : RHP Jack Armstrong
Batting: RHB Alex S Gonzalez 0-0: Ball
1-0: Ball
2-0: Ball
3-0: Called Strike
3-1: Base on Balls
Batting: RHB Josh Booty 0-0: Ball
1-0: Swinging Strike
1-1: Ball
2-1: Called Strike
2-2: SINGLE (Line Drive, 7LS, EV 104.4 MPH)
Alex S Gonzalez to second
Batting: LHB Yoshinobu Takahashi 0-0: Ball
1-0: Grounds into double play, 6-4-3 (Groundball, 56, EV 106.3 MPH)
Alex S Gonzalez to third
Batting: LHB Hiroshi Shibahara 0-0: Ground out 4-3 (Groundball, 4S, EV 80.6 MPH)
Bottom of the 2nd over - 0 runs, 1 hit, 0 errors, 1 left on base; San Antonio 0 - Portland 1
TOP OF THE 3RD
San Antonio Missions batting - Pitching for Portland Stag : RHP Bryan Rekar
Batting: LHB Scott Livingstone 0-0: Ball
1-0: Foul Ball, location: 2F
1-1: Ground out 4-3 (Groundball, 4, EV 108.1 MPH)
Batting: RHB Luis Sojo 0-0: Ground out 5-3 (Groundball, 56, EV 81.3 MPH)
Batting: SHB Alex Diaz 0-0: SINGLE (Groundball, 34D, EV 108.1 MPH)
Batting: LHB David Hulse 0-0: Ball
1-0: Swinging Strike
Alex Diaz steals 2nd base
1-1: SINGLE (Line Drive, 56D, EV 98.8 MPH)
Alex Diaz to third
Runner from 3rd tries for Home, SAFE, throw by LF to home
Batting: RHB Eric Owens 0-0: Fielders Choice at 2nd, 5-4 (Groundball, 56, EV 108.1 MPH)
Top of the 3rd over - 1 run, 2 hits, 0 errors, 1 left on base; San Antonio 1 - Portland 1
BOTTOM OF THE 3RD
Portland Stag batting - Pitching for San Antonio Missions : RHP Jack Armstrong
Batting: SHB Jose Vizcaino 0-0: Ball
1-0: Ball
2-0: SINGLE (Groundball, 34D, EV 95.6 MPH)
Batting: RHB Fernando Tatis 0-0: Ball
1-0: Foul Ball, location: 2F
1-1: Ball
2-1: Ball
3-1: Fly out, F8 (Flyball, 89M, EV 90.0 MPH)
Batting: LHB Mark P Johnson 0-0: Called Strike
0-1: Ball
1-1: SINGLE (Line Drive, 6D, EV 95.6 MPH)
Jose Vizcaino to second
Batting: RHB Wes Chamberlain 0-0: Ball
1-0: Foul Ball, location: 2F
1-1: Called Strike
1-2: Fly out, F8 (Flyball, 8RM, EV 85.0 MPH)
Batting: RHB Chris Widger 0-0: SINGLE (Line Drive, 9S, EV 109.4 MPH)
Jose Vizcaino to third
Mark P Johnson to second
Runner from 3rd tries for Home, SAFE, throw by RF to home
Batting: RHB Alex S Gonzalez 0-0: Reached via error on a dropped throw from 3B, E4 (Groundball, 56, EV 86.9 MPH)
Mark P Johnson to third
Chris Widger to second
Batting: RHB Josh Booty 0-0: Ball
1-0: Foul Ball, location: 2F
1-1: Ball
2-1: SINGLE (Groundball, 4D, EV 100.6 MPH)
Mark P Johnson scores
Chris Widger to third
Alex S Gonzalez to second
Batting: LHB Yoshinobu Takahashi 0-0: Ball
1-0: Fly out, F8 (Line Drive, 8LD, EV 110.0 MPH)
Bottom of the 3rd over - 2 runs, 4 hits, 1 error, 3 left on base; San Antonio 1 - Portland 3
TOP OF THE 4TH
San Antonio Missions batting - Pitching for Portland Stag : RHP Bryan Rekar
Batting: RHB Orlando Miller 0-0: Ball
1-0: Fly out, F7 (Line Drive, 7D, EV 87.5 MPH)
Batting: SHB Bill Doran 0-0: SINGLE (Groundball, 34D, EV 97.5 MPH)
Batting: RHB David Green 0-0: Ball
1-0: Grounds into double play, 6-4-3 (Groundball, 56, EV 85.6 MPH)
Top of the 4th over - 0 runs, 1 hit, 0 errors, 0 left on base; San Antonio 1 - Portland 3
BOTTOM OF THE 4TH
Portland Stag batting - Pitching for San Antonio Missions : RHP Jack Armstrong
Batting: LHB Hiroshi Shibahara 0-0: Ball
1-0: Called Strike
1-1: Called Strike
1-2: Fly out, F9 (Line Drive, 9, EV 89.4 MPH)
Batting: SHB Jose Vizcaino 0-0: Ball
1-0: Fly out, F8 (Line Drive, 8RM, EV 99.4 MPH)
Batting: RHB Fernando Tatis 0-0: Foul Ball, location: 2F
0-1: Foul Ball, location: 2F
0-2: Ball
1-2: Strikes out swinging
Bottom of the 4th over - 0 runs, 0 hits, 0 errors, 0 left on base; San Antonio 1 - Portland 3
TOP OF THE 5TH
San Antonio Missions batting - Pitching for Portland Stag : RHP Bryan Rekar
Batting: RHB Kelly Stinnett 0-0: Ball
1-0: Ball
2-0: Ball
3-0: Called Strike
3-1: Foul Ball, location: 2F
3-2: Fly out, F7 (Flyball, 7S, EV 76.3 MPH)
Batting: LHB Scott Livingstone 0-0: Ground out 6-3 (Groundball, 6, EV 83.1 MPH)
Batting: RHB Luis Sojo 0-0: Ball
1-0: Foul Ball, location: 2F
1-1: Foul Ball, location: 2F
1-2: Ground out 1-3 (Groundball, 34S, EV 86.9 MPH)
Top of the 5th over - 0 runs, 0 hits, 0 errors, 0 left on base; San Antonio 1 - Portland 3
BOTTOM OF THE 5TH
Portland Stag batting - Pitching for San Antonio Missions : RHP Jack Armstrong
Batting: LHB Mark P Johnson 0-0: Ball
1-0: Called Strike
1-1: Foul Ball, location: 2F
1-2: Fly out, F5 (Popup, 25F, EV 90.6 MPH)
Batting: RHB Wes Chamberlain 0-0: Ball
1-0: Swinging Strike
1-1: Swinging Strike
1-2: Ball
2-2: SINGLE (Groundball, 34D, EV 98.1 MPH)
Batting: RHB Chris Widger 0-0: Ball
1-0: Ball
2-0: Ball
3-0: Base on Balls
Wes Chamberlain to second
Batting: RHB Alex S Gonzalez 0-0: Called Strike
0-1: SINGLE (Line Drive, 8RS, EV 104.4 MPH)
Wes Chamberlain to third
Chris Widger to second
Batting: RHB Josh Booty 0-0: Fielders Choice at 2nd, 6-4 (Groundball, 6, EV 83.8 MPH)
Wes Chamberlain scores
Chris Widger to third
Batting: LHB Yoshinobu Takahashi 0-0: Ball
1-0: Foul Ball, location: 2F
1-1: Fly out, F7 (Flyball, 78S, EV 82.5 MPH)
Bottom of the 5th over - 1 run, 2 hits, 0 errors, 2 left on base; San Antonio 1 - Portland 4
TOP OF THE 6TH
San Antonio Missions batting - Pitching for Portland Stag : RHP Bryan Rekar
Batting: SHB Alex Diaz 0-0: SINGLE (Line Drive, 4MD, EV 99.4 MPH)
Batting: LHB David Hulse 0-0: Ball
1-0: Grounds into double play, 4-6-3 (Groundball, 34, EV 85.0 MPH)
Batting: RHB Eric Owens 0-0: Ball
1-0: Called Strike
1-1: Ball
2-1: Fly out, F4 (Flyball, 4MD, EV 83.8 MPH)
Top of the 6th over - 0 runs, 1 hit, 0 errors, 0 left on base; San Antonio 1 - Portland 4
BOTTOM OF THE 6TH
Portland Stag batting - Pitching for San Antonio Missions : RHP Jack Armstrong
Batting: LHB Hiroshi Shibahara 0-0: Fly out, F7 (Flyball, 78M, EV 81.3 MPH)
Batting: SHB Jose Vizcaino 0-0: Ball
1-0: Ball
2-0: Called Strike
2-1: Swinging Strike
2-2: Strikes out swinging
Batting: RHB Fernando Tatis 0-0: Swinging Strike
0-1: Called Strike
0-2: Foul Ball, location: 2F
0-2: Ball
1-2: Strikes out swinging
Bottom of the 6th over - 0 runs, 0 hits, 0 errors, 0 left on base; San Antonio 1 - Portland 4
TOP OF THE 7TH
San Antonio Missions batting - Pitching for Portland Stag : RHP Bryan Rekar
Batting: RHB Orlando Miller 0-0: Ball
1-0: Called Strike
1-1: SINGLE (Groundball, 34D, EV 100.0 MPH)
Batting: SHB Bill Doran 0-0: Ball
1-0: Fly out, F8 (Line Drive, 8RM, EV 100.0 MPH)
Batting: RHB David Green 0-0: Ball
1-0: Swinging Strike
1-1: Ball
2-1: Called Strike
2-2: Foul Ball, location: 2F
2-2: Ball
3-2: Base on Balls
Orlando Miller to second
Batting: RHB Kelly Stinnett 0-0: Grounds into double play, 5-4-3 (Groundball, 56, EV 85.6 MPH)
Top of the 7th over - 0 runs, 1 hit, 0 errors, 1 left on base; San Antonio 1 - Portland 4
BOTTOM OF THE 7TH
Portland Stag batting - Pitching for San Antonio Missions : RHP Jack Armstrong
Batting: LHB Mark P Johnson 0-0: Ball
1-0: Fly out, F7 (Flyball, 7S, EV 81.3 MPH)
Batting: RHB Wes Chamberlain 0-0: Foul Ball, location: 2F
0-1: Called Strike
0-2: Fly out, F8 (Flyball, 8LM, EV 83.8 MPH)
Batting: RHB Chris Widger 0-0: Foul Ball, location: 2F
0-1: Ball
1-1: Ball
2-1: Ball
3-1: Base on Balls
Batting: RHB Alex S Gonzalez 0-0: Ball
Passed Ball!
Chris Widger to second
1-0: Foul Ball, location: 2F
1-1: Fly out, F4 (Popup, 34, EV 57.5 MPH)
Bottom of the 7th over - 0 runs, 0 hits, 0 errors, 1 left on base; San Antonio 1 - Portland 4
TOP OF THE 8TH
San Antonio Missions batting - Pitching for Portland Stag : RHP Bryan Rekar
Batting: LHB Scott Livingstone 0-0: Ball
1-0: SINGLE (Groundball, 34D, EV 103.1 MPH)
Batting: RHB Luis Sojo 0-0: Called Strike
0-1: Ball
1-1: Ball
2-1: Ground out 4-3 (Groundball, 4, EV 86.3 MPH)
Scott Livingstone to second
Batting: SHB Alex Diaz 0-0: Called Strike
0-1: Ground out 4-3 (Groundball, 4, EV 84.4 MPH)
Scott Livingstone to third
Batting: LHB David Hulse 0-0: Ball
1-0: Called Strike
1-1: Ball
Wild Pitch!
Scott Livingstone scores
2-1: Foul Ball, location: 2F
2-2: SINGLE (Line Drive, 9S, EV 87.5 MPH)
Batting: RHB Eric Owens 0-0: SINGLE (Line Drive, 89S, EV 106.3 MPH)
David Hulse to second
Batting: RHB Orlando Miller 0-0: Foul Ball, location: 2F
0-1: DOUBLE (Flyball, 8LXD, EV 95.6 MPH)
David Hulse scores
Eric Owens to third
Runner from 3rd tries for Home, SAFE, no throw by CF
Batting: SHB Bill Doran 0-0: Called Strike
0-1: Ground out U3 (Groundball, 34, EV 103.1 MPH)
Top of the 8th over - 3 runs, 4 hits, 0 errors, 1 left on base; San Antonio 4 - Portland 4
BOTTOM OF THE 8TH
Portland Stag batting - Pitching for San Antonio Missions : RHP Jack Armstrong
Pitching: LHP Terry Mulholland
Batting: RHB Josh Booty 0-0: Called Strike
0-1: Ball
1-1: Fly out, F8 (Flyball, 8LM, EV 83.8 MPH)
Batting: LHB Yoshinobu Takahashi 0-0: Ball
1-0: Called Strike
1-1: Swinging Strike
1-2: Foul Ball, location: 2F
1-2: DOUBLE (Line Drive, 78D, EV 102.5 MPH)
Batting: LHB Hiroshi Shibahara 0-0: Ground out U3 (Groundball, 3, EV 102.5 MPH)
Yoshinobu Takahashi to third
Batting: SHB Jose Vizcaino 0-0: SINGLE (Line Drive, 78S, EV 98.8 MPH)
Yoshinobu Takahashi scores
Batting: RHB Fernando Tatis 0-0: Foul Ball, location: 2F
0-1: Ball
1-1: Ball
2-1: SINGLE (Groundball, 4D, EV 98.1 MPH)
Jose Vizcaino to second
Runner from 2nd tries for 3rd, SAFE, throw by RF made to third
Batting: LHB Mark P Johnson 0-0: Called Strike
0-1: Foul Ball, location: 2F
0-2: Ground out 4-3 (Groundball, 34D, EV 83.1 MPH)
Bottom of the 8th over - 1 run, 3 hits, 0 errors, 2 left on base; San Antonio 4 - Portland 5
TOP OF THE 9TH
San Antonio Missions batting - Pitching for Portland Stag : RHP Bryan Rekar
Pitching: RHP Kerry Ligtenberg
Batting: RHB David Green 0-0: Called Strike
0-1: Swinging Strike
0-2: Ball
1-2: DOUBLE (Flyball, 8RXD, EV 98.1 MPH)
Batting: RHB Kelly Stinnett 0-0: Fly out, F6 (Flyball, 56D, EV 85.6 MPH)
Batting: LHB Scott Livingstone 0-0: Swinging Strike
0-1: Ball
1-1: Ball
2-1: Foul Ball, location: 2F
2-2: Foul Ball, location: 2F
2-2: Ball
3-2: Foul Ball, location: 2F
3-2: Fly out, F8 (Flyball, 8LS, EV 95.0 MPH)
Pinch Hitting: LHB Brooks Kieschnick 0-0: Ball
1-0: Called Strike
1-1: Called Strike
1-2: Foul Ball, location: 2F
1-2: Ball
2-2: Foul Ball, location: 2F
2-2: 2-RUN HOME RUN (Flyball, 89XD, EV 95.6 MPH), Distance : 407 ft
Batting: SHB Alex Diaz 0-0: SINGLE (Line Drive, 78M, EV 95.6 MPH)
Batting: LHB David Hulse 0-0: Foul Ball, location: 2F
0-1: Ball
1-1: Ball
2-1: Ball
Alex Diaz steals 2nd, throwing error, E2
Alex Diaz to third
3-1: Foul Ball, location: 2F
3-2: SINGLE (Flyball, 89M, EV 93.1 MPH)
Alex Diaz scores
Pitching: RHP Will Cunnane
Batting: RHB Eric Owens 0-0: Ball
David Hulse steals 2nd base
1-0: Ball
2-0: Ball
3-0: Called Strike
3-1: Base on Balls
Batting: RHB Orlando Miller 0-0: Called Strike
0-1: Ball
1-1: Swinging Strike
1-2: SINGLE (Groundball, 6MD, EV 93.8 MPH)
David Hulse to third
Eric Owens to second
Runner from 3rd tries for Home, SAFE, throw by CF to home
Batting: SHB Bill Doran 0-0: Ball
1-0: Called Strike
1-1: Ball
2-1: Fly out, F6 (Popup, 6M, EV 65.0 MPH)
Top of the 9th over - 4 runs, 5 hits, 1 error, 2 left on base; San Antonio 8 - Portland 5
BOTTOM OF THE 9TH
Portland Stag batting - Pitching for San Antonio Missions : LHP Terry Mulholland
Now at 2B: Damian Jackson
Batting: RHB Wes Chamberlain 0-0: Fly out, F9 (Flyball, 9S, EV 86.9 MPH)
Batting: RHB Chris Widger 0-0: Ball
1-0: Called Strike
1-1: Ball
2-1: Swinging Strike
2-2: Foul Ball, location: 2F
2-2: Ground out 1-3 (Groundball, P, EV 86.3 MPH)
Batting: RHB Alex S Gonzalez 0-0: Ball
1-0: Ball
2-0: Ball
3-0: Called Strike
3-1: Foul Ball, location: 2F
3-2: Ground out 1-3 (Groundball, 34S, EV 71.3 MPH)
Bottom of the 9th over - 0 runs, 0 hits, 0 errors, 0 left on base; San Antonio 8 - Portland 5
Thursday, February 12th, 2026 - OOTP Baseball 20.8 Build 74